 Dungeon Crawl Stone Soup version 0.24.1-11-gbbbb2193e6 (webtiles) character file.

Game seed: 5360033923410461772, levelgen mode: deterministic

1421 Gruesph the Skirmisher (level 8, 0/65 HPs)
             Began as a Demonspawn Artificer on May 12, 2020.
             Was a Believer of Fedhas.
             Killed from afar by an electric eel (18 damage)
             ... with a bolt of electricity
             ... on level 6 of the Dungeon.
             The game lasted 00:26:55 (7973 turns).

Gruesph the Skirmisher (Demonspawn Artificer)       Turns: 7973, Time: 00:26:56

Health: 0/65       AC: 10    Str: 14    XL:     8   Next: 44%
Magic:  21/21      EV: 11    Int: 13    God:    Fedhas [**....]
Gold:   288        SH:  0    Dex: 14    Spells: 12/13 levels left

rFire    . . .     SeeInvis .   y - +5 short sword (venom)
rCold    . . .     Gourm    .   (no shield)
rNeg     . . .     Faith    .   g - +1 ring mail
rPois    .         Spirit   .   (helmet restricted)
rElec    .         Reflect  .   q - +0 cloak
rCorr    +         Harm     .   j - +2 pair of gloves
MR       .....                  (no boots)
Stlth    +++.......             (no amulet)
HPRegen  0.20/turn              B - ring of resist corrosion
MPRegen  0.17/turn              a - ring of magical power

@: no status effects
A: antennae 1, nightstalker 2
a: Wall of Briars, Renounce Religion


You were on level 6 of the Dungeon.
You worshipped Fedhas.
Fedhas was pleased with you.
You were near starving.

You visited 1 branch of the dungeon, and saw 6 of its levels.

You collected 288 gold pieces.

Inventory:

Hand Weapons
 y - a +5 short sword of venom (weapon)
 z - a +2 flail of protection
Missiles
 h - 107 arrows
 u - 30 poisoned darts (quivered)
 v - 2 throwing nets
Armour
 g - a +1 ring mail (worn)
 j - a +2 pair of gloves (worn)
 q - a +0 cloak (worn)
Jewellery
 a - a ring of magical power (right hand)
 B - a ring of resist corrosion (left hand)
Wands
 d - a wand of enslavement (6)
 e - a wand of random effects (8)
 l - a wand of acid (5)
Scrolls
 k - a scroll of magic mapping
 r - a scroll of remove curse
 w - a scroll of enchant armour
Potions
 c - 2 potions of curing
 n - 2 potions of agility
 o - a potion of magic
 p - 2 potions of mutation
 s - 2 potions of resistance {unknown}
 t - a potion of ambrosia {unknown}
 x - 2 potions of heal wounds {unknown}
 A - 2 potions of lignification
Comestibles
 f - 8 rations


   Skills:
 + Level 6.6 Fighting
 - Level 0.8 Short Blades
 - Level 1.7 Dodging
 - Level 2.0 Stealth
 + Level 3.2 Spellcasting
 + Level 3.5 Necromancy
 + Level 2.7 Invocations
 - Level 6.1 Evocations


You had 12 spell levels left.
You knew the following spells:

 Your Spells              Type           Power        Failure   Level  Hunger
a - Animate Skeleton      Necr           N/A          11%         1    #......

Your spell library contained the following spells:

 Spells                   Type           Power        Failure   Level  Hunger
 Pain                     Necr           ##..         11%         1    #......
 Vampiric Draining        Necr           ##........   32%         3    ###....
 Corona                   Hex            #......      43%         1    #......
 Sandblast                Erth           #.....       43%         1    #......
 Regeneration             Chrm/Necr      #.........   54%         3    ###....
 Passwall                 Tmut/Erth      #.......     56%         2    ##.....
 Animate Dead             Necr           N/A          71%         4    #####..
 Inner Flame              Hex/Fire       #.......     80%         3    ###....
 Stone Arrow              Conj/Erth      #.....       80%         3    ###....
 Cause Fear               Hex            #.........   99%         4    #####..
 Petrify                  Tmut/Erth      #.......     99%         4    #####..
 Lee's Rapid Deconstruct  Erth           #.........   100%        5    ######.
 Discord                  Hex            #.........   100%        8    #######


Dungeon Overview and Level Annotations

Branches:
Dungeon (6/15)
 Temple: D:4-7

Altars:
Fedhas
Hepliaklqana
Okawaru
Qazlal
Xom
The Shining One

Annotations:
D:2 not monstrous
D:4 2 transporters, Xye's ghost, amateur GrFi


Innate Abilities, Weirdness & Mutations

You have a pair of small antennae on your head.
You are significantly more attuned to the shadows.


Message History

The electric eel shoots out a bolt of lightning at you!
The bolt of electricity misses you.
Things that are here:
10 stones; a kobold corpse You hit the electric eel.
The electric eel is poisoned.
The electric eel is moderately wounded.
The electric eel shoots out a bolt of lightning at you!
The bolt of electricity misses you.
You completely miss the electric eel.
The electric eel is moderately wounded.
The electric eel shoots out a bolt of lightning at you!
The bolt of electricity misses you.
You closely miss the electric eel.
The electric eel is moderately wounded.
You miss the electric eel.
The electric eel is heavily wounded.
The electric eel shoots out a bolt of lightning at you!
The bolt of electricity hits you!!
You die...
Fedhas appreciates your contribution to the ecosystem.

....#...#...
#...#...#...
#..##...#...
'##########(##...#...
.#........(().....#...
......................
......................
≈≈..≈...((≈....≈≈.≈≈..
≈≈≈≈.@..)≈≈≈≈≈≈≈≈≈≈≈≈≈
≈≈≈≈;....(≈≈≈≈≈≈≈≈≈≈≈≈
≈≈≈≈≈....≈≈≈≈≈≈≈≈≈≈≈≈≈
######''####### ....#
#....# #....#


You could see an electric eel.

Vanquished Creatures
  A water moccasin (D:4)
  Duvessa (D:5)
  A phantom (D:4)
  An orc warrior (D:6)
  A centaur (D:6)
  Blork the orc (D:5)
  A big kobold (D:6)
  Dowan (D:5)
  2 scorpions
  2 crimson imps (D:5)
  2 orc priests
  3 orc wizards
  A bullfrog skeleton (D:3)
  2 iguanas
  5 worker ants
  A howler monkey zombie (D:5)
  8 adders
  4 gnolls
  2 shadow imps
  An ooze (D:3)
  2 worms (D:3)
  2 dart slugs
  3 leopard geckos
  13 orcs
  3 ball pythons (D:1)
  14 bats
  6 giant cockroaches
  5 goblins
  10 hobgoblins
  A jackal (D:3)
  11 kobolds
  2 quokkas
  5 frilled lizards
  A leopard gecko skeleton (D:4)
  A leopard gecko zombie (D:6)
  A quokka skeleton (D:6)
  5 rats
126 creatures vanquished.

Vanquished Creatures (collateral kills)
  An orc wizard (D:4)
  A worker ant (D:4)
  A gnoll (D:5)
  An orc (D:6)
4 creatures vanquished.

Vanquished Creatures (others)
  2 orcs (D:4)
2 creatures vanquished.

Grand Total: 132 creatures vanquished

Notes
Turn   | Place    | Note
-------+----------+-------------------------------------------
     0 | D:1      | Gruesph the Demonspawn Artificer began the quest for the
                  | Orb.
     0 | D:1      | Reached XP level 1. HP: 15/15 MP: 3/3
    16 | D:1      | Reached skill level 1 in Stealth
   236 | D:1      | Gained mutation: You are slightly more attuned to the
                  | shadows. [demonic ancestry]
   236 | D:1      | Reached XP level 2. HP: 19/21 MP: 4/4
  1029 | D:2      | Gained mutation: You have a pair of small antennae on your
                  | head. [demonic ancestry]
  1029 | D:2      | Reached XP level 3. HP: 27/27 MP: 5/5
  1480 | D:2      | Found a blossoming altar of Fedhas.
  1498 | D:2      | Noticed an oklob plant
  1509 | D:2      | Became a worshipper of Fedhas Madash
  2145 | D:3      | Reached XP level 4. HP: 26/34 MP: 6/6
  2422 | D:3      | Reached XP level 5. HP: 35/41 MP: 8/8
  2598 | D:3      | Reached * piety under Fedhas
  3300 | D:3      | Found a stormy altar of Qazlal.
  3356 | D:4      | Found a hazy altar of Hepliaklqana.
  3356 | D:4      | Noticed a phantom
  3358 | D:4      | Found a shimmering altar of Xom.
  3371 | D:4      | Noticed a spectral ugly thing
  3376 | D:4      | Killed a phantom
  3376 | D:4      | Reached skill level 5 in Evocations
  3376 | D:4      | Gained mutation: You are significantly more attuned to the
                  | shadows. [demonic ancestry]
  3376 | D:4      | Reached XP level 6. HP: 21/48 MP: 9/9
  4025 | D:4      | Found a transporter.
  4349 | D:4      | Reached ** piety under Fedhas
  4379 | D:4      | Reached skill level 5 in Fighting
  4379 | D:4      | Reached XP level 7. HP: 28/56 MP: 11/11
  4942 | D:4      | Found a transporter.
  4944 | D:4      | Noticed Xye's ghost (amateur GrFi)
  5060 | D:4      | Learned a level 1 spell: Animate Skeleton
  5137 | D:4      | Found a glowing golden altar of the Shining One.
  5137 | D:4      | Found an iron altar of Okawaru.
  5293 | D:5      | Entered Level 5 of the Dungeon
  5698 | D:5      | Noticed Duvessa
  5828 | D:5      | Killed Duvessa
  5828 | D:5      | Reached skill level 1 in Spellcasting
  5828 | D:5      | Reached skill level 1 in Necromancy
  5846 | D:5      | Noticed Dowan
  5853 | D:5      | Killed Dowan
  6283 | D:5      | Reached XP level 8. HP: 63/64 MP: 12/12
  6755 | D:5      | Noticed Blork the orc
  6763 | D:5      | Killed Blork the orc
  6763 | D:5      | Reached skill level 1 in Invocations
  6965 | D:5      | Identified the Incunabulum of Evil Execration
  7973 | D:6      | Killed from afar by an electric eel

Levels and vault maps discovered:
D:1:      minmay_arrival_radiant_lines, layout_basic
D:2:      layout_loops_cross, tgw_fedhas, amethyst_killhole,
          hangedman_abyss_or_decor_lesser_grid
D:3:      layout_loops_ring, marbit_many_paths, kennysheep_generic_room_10
D:4:      layout_loops_ring, regret_index_temple_of_mockery,
          gammafunk_temple_overflow_wave, gammafunk_ghost_mausoleum,
          minmay_starry_boxes
D:5:      layout_layer_cave, first_ration, uniq_duvessa, uniq_blork_the_orc
D:6:      minmay_goblin_kobold_castle, layout_gridville,
          minmay_temple_entry_waves, minmay_misc_feat_hallway,
          uniq_crazy_yiuf_cottage

Skill      XL: |  1  2  3  4  5  6  7  8 |
---------------+-------------------------+-----
Stealth        | 1 2 |  2.0
Fighting       | 2 3 4 5 6 |  6.6
Evocations     | 4 5 6 |  6.1
Spellcasting   | 2 3 |  3.2
Necromancy     | 2 3 |  3.5
Invocations    | 2 |  2.7
Short Blades   | |  0.8
Dodging        | |  1.7

Action                   |  1- 3 |  4- 6 |  7- 9 || total
-------------------------+-------+-------+-------++-------
Melee: Short sword       |    19 |       |   130 ||   149
       Spear             |   152 |    24 |       ||   176
       Trident           |       |   230 |       ||   230
       War axe           |       |       |    39 ||    39
Evoke: Wand              |       |    19 |    13 ||    32
  Use: Scroll            |     5 |     3 |     6 ||    14
       Potion            |       |     2 |     1 ||     3
 Stab: Sleeping          |    14 |     8 |     7 ||    29
       Distracted        |       |     2 |       ||     2
       Paralysed         |       |       |     7 ||     7
  Eat: Chunk             |     4 |     8 |     6 ||    18
       Ration            |       |       |     1 ||     1
Armor: Leather armour    |     5 |       |       ||     5
       Ring mail         |    65 |   133 |    70 ||   268
Dodge: Dodged            |    86 |   125 |   115 ||   326
